 Dungeon Crawl Stone Soup version 0.18-a0-750-g37044d6 (webtiles) character file.

133948 Sixotanaka the Devastator (level 17, -12/117 HPs)
             Began as an Octopode Conjurer on Dec 9, 2015.
             Was the Champion of Vehumet.
             Mangled by a kraken (15 damage)
             ... on level 1 of the Shoals on Dec 12, 2015.
             The game lasted 02:55:07 (47489 turns).

Sixotanaka the Devastator (Octopode Conjurer)      Turns: 47489, Time: 02:55:08

Health: -12/117    AC:  7    Str:  7    XL:     17   Next: 16%
Magic:  5/34       EV: 31    Int: 23    God:    Vehumet [******]
Gold:   2157       SH:  0    Dex: 22    Spells: 10 memorised, 1 level left

rFire  . . .     SeeInvis +     I - +2 rapier (protect)
rCold  . . .     Clarity  .     (no shield)
rNeg   . . .     SustAt   +     (helmet restricted)
rPois  .         Gourm    .     (no amulet)
rElec  .         Spirit   .     d - +1 ring of protection
rCorr  .         Dismiss  .     N - +4 ring of evasion
rMut   .         Stasis   .     s - ring of sustain attributes
MR     +....                    L - ring of see invisible
Stlth  ++++++....               o - +4 ring of evasion
                                S - +5 ring of dexterity
                                H - ring of stealth
                                c - +3 ring of dexterity

@: about to teleport, mesmerised, very slightly contaminated, somewhat resistant
to hostile enchantments, very stealthy
A: almost no armour, amphibious, 8 rings, constrict 8, camouflage 1, gelatinous
body 1
a: Renounce Religion


You were on level 1 of the Shoals.
You worshipped Vehumet.
Vehumet was exalted by your worship.
You were hungry.

You visited 5 branches of the dungeon, and saw 29 of its levels.
You also visited: Sewer and Bailey.

You collected 3387 gold pieces.
You spent 1230 gold pieces at shops.


Innate Abilities, Weirdness & Mutations

You cannot wear most types of armour.
You are amphibious.
You can wear up to eight rings at the same time.
You can use your tentacles to constrict eight enemies at once.
Your skin changes colour to match your surroundings (Stealth).
Your rubbery body absorbs attacks (AC +1).


   Skills:
 * Level 11.4 Fighting
 - Level 10.8 Dodging
 - Level 2.6 Stealth
 - Level 13.5 Spellcasting
 + Level 19.0 Conjurations
 - Level 9.4 Ice Magic
 - Level 3.7 Air Magic


You had one spell level left.
You knew the following spells:

 Your Spells              Type           Power        Failure   Level  Hunger
c - Dazzling Spray        Conj/Hex       ######..     1%          3    None
i - Spellforged Servitor  Conj/Summ      ######....   32%         7    ######.
u - Fulminant Prism       Conj/Hex       ######....   1%          4    None
v - Throw Icicle          Conj/Ice       ######..     1%          4    None
x - Searing Ray           Conj           ######       0%          2    None
y - Freezing Cloud        Conj/Ice/Air   ######....   2%          6    #####..
z - Magic Dart            Conj           ####         0%          1    None
C - Mephitic Cloud        Conj/Pois/Air  ######..     1%          3    None
X - Orb of Destruction    Conj           #######...   1%          7    ######.
Z - Iskenderun's Battles  Conj/Chrm      ######..     1%          5    ###....


Dungeon Overview and Level Annotations

Branches:
Dungeon (15/15)            Temple (1/1) D:4            Lair (8/8) D:9
 Shoals (1/4) Lair:3        Snake (0/4) Lair:3        Slime (0/6) Lair:6
    Orc (4/4) D:9          Vaults (0/5) D:13         Depths (0/5) D:15
    Elf: Orc:3-4

Altars:
Ashenzari
Cheibriados
Dithmenos
Elyvilon
Fedhas
Gozag
Makhleb
Nemelex Xobeh
Pakellas
Qazlal
Ru
Sif Muna
Trog
Vehumet
Xom
Yredelemnul
Zin
The Shining One

Shops:
D:4 }(=}:   D:14 *   Orc:2 (   Orc:4 [!*!   Shoals:1 :

Annotations:
Lair:7 exclusion: downstairs
Orc:4 Rupert

Inventory:

Hand Weapons
 B - a +3 rapier of electrocution
   (You took it off Nikola on level 1 of the Shoals)
 I - a +2 rapier of protection (weapon)
   (You took it off a merfolk aquamancer on level 1 of the Shoals)
Missiles
 y - 5 throwing nets (quivered)
Jewellery
 c - a +3 ring of dexterity (on tentacle)
 d - a +1 ring of protection (left tentacle)
 o - a +4 ring of evasion (on tentacle)
 r - an uncursed ring of flight
 s - a ring of sustain attributes (on tentacle)
 w - an uncursed ring of fire
 A - an uncursed amulet of clarity
 H - a ring of stealth (on tentacle)
 L - a ring of see invisible (on tentacle)
 N - a +4 ring of evasion (right tentacle)
 Q - an uncursed amulet of rage {unknown}
 S - a +5 ring of dexterity (on tentacle)
Wands
 h - a wand of lightning (12)
 p - a wand of digging (15)
 x - a wand of fireball (5)
 O - a wand of draining (3)
 Z - a wand of random effects (26)
Scrolls
 e - 4 scrolls of magic mapping {unknown}
 k - 2 scrolls of enchant weapon {unknown}
 m - 4 scrolls of fog
 n - 3 scrolls of teleportation {@r4}
 u - 3 scrolls of amnesia {unknown}
 z - a scroll of remove curse {@r2}
 E - a scroll of vulnerability {unknown}
 G - 2 scrolls of immolation {unknown}
 M - 3 scrolls of torment {unknown}
 Y - 2 scrolls of random uselessness {unknown}
Potions
 a - 3 potions of might {unknown}
 f - 4 potions of heal wounds {@q2}
 g - 2 potions of berserk rage {unknown}
 i - 2 potions of magic {unknown}
 j - 3 potions of degeneration {unknown}
 l - 4 potions of invisibility
 q - a potion of resistance
 t - 9 potions of curing {@q1}
 C - 2 potions of agility {unknown}
 D - 2 potions of flight {unknown}
 J - a potion of haste {unknown}
 R - a potion of lignification {unknown}
 T - a potion of mutation {unknown}
 U - a potion of brilliance {unknown}
 V - a potion of cancellation {unknown}
Miscellaneous
 W - a legendary deck of wonders {the Mercenary}
Comestibles
 b - 16 bread rations
 v - 7 chunks of flesh
 K - a beef jerky
 P - 30 fruits

#≈≈≈≈≈≈≈≈≈≈≈≈≈≈
#≈≈≈≈≈≈≈≈≈≈≈≈≈≈
#≈≈≈≈≈≈≈≈≈≈≈≈≈≈ ≈≈≈
#≈≈≈≈≈≈m≈*≈≈≈≈≈ ≈≈≈≈
#≈≈≈≈≈≈§§§≈≈≈≈≈ ≈≈≈≈≈≈
#≈≈§§§§§§§≈≈≈≈≈≈≈≈≈≈P≈
#≈≈≈§§§§§§≈≈≈≈≈≈≈≈≈≈≈≈
#≈≈§≈§§§§§§≈≈≈≈≈≈≈≈≈≈≈
#≈≈§§@§m§§≈≈≈≈≈≈≈≈≈≈≈≈
#≈≈wwXww≈≈≈≈≈≈≈≈≈≈≈≈)≈
#≈≈§§§§§≈≈≈≈≈≈≈≈≈≈....
#≈≈§§§§§≈≈≈≈≈≈≈≈≈.....
#≈≈§§§§§≈≈≈≈≈≈≈≈≈≈...≈
#≈≈≈≈≈≈≈≈≈≈≈≈≈≈≈≈≈≈≈≈≈
#≈≈≈≈≈≈≈≈≈≈≈≈≈≈≈≈≈≈≈≈≈
#≈≈≈≈≈≈≈≈≈≈≈≈≈≈≈≈≈≈≈≈≈
#≈≈≈≈≈≈≈≈≈≈≈≈≈≈≈≈≈≈≈≈≈


You could see a kraken, 4 tentacles and a siren.


Message History

Aim: a kraken (water, severely wounded)
The spray of energy hits the kraken.
The kraken is dazzled.
The spray of energy hits the tentacle. x2
Your battlesphere fires!
The barrage of energy hits the tentacle.
The kraken misses you.
The kraken bites you but does no damage.
A siren comes into view. It is wielding a spear.
You hit the kraken but do no damage. You squeeze the kraken.
The siren chants a haunting song.
You resist with almost no effort.
You hit the kraken but do no damage.
You squeeze the kraken, but do no damage.
The kraken misses you.
The siren chants a haunting song.
You easily resist.
The kraken completely misses you.
You hit the kraken but do no damage.
The kraken squirts a massive cloud of ink into the water!
You strike the helpless kraken from behind!
You hit the kraken but do no damage.
You squeeze the kraken, but do no damage.
The kraken closely misses you. The siren closely misses you.
The kraken is no longer blind.
Tentacles burst out of the water! 4 tentacles come into view.
You hit the kraken.
You squeeze the kraken, but do no damage.
The kraken bites you. The tentacle closely misses you.
Something slaps your battlesphere! The tentacle closely misses you.
The kraken barely misses you. The tentacle misses you.
The tentacle completely misses you. Something slaps your battlesphere!
Your battlesphere is destroyed!
The siren chants a haunting song.
You are mesmerised by the siren!
The tentacle barely misses you. The tentacle misses you.
The siren chants its luring song.
You cannot move away from the siren!
Read which item? (? for menu, Esc to quit)
As you read the scroll of teleportation {@r4}, it crumbles to dust.
You feel strangely unstable. The tentacle completely misses you.
The tentacle slaps you!!
* * * LOW HITPOINT WARNING * * *
The tentacle slaps you!
* * * LOW HITPOINT WARNING * * *
The tentacle completely misses you. x2
The kraken squirts a massive cloud of ink into the water!
The tentacle completely misses you.
The siren chants its luring song.
You hear an angry hiss.
Unknown command.
Drink which item? (? for menu, Esc to quit)
You feel much better.
The tentacle slaps you but does no damage.
The tentacle barely misses you. The tentacle slaps you!!
* * * LOW HITPOINT WARNING * * *
The tentacle slaps you!
* * * LOW HITPOINT WARNING * * *
The kraken squirts a massive cloud of ink into the water!
The tentacle completely misses you. x2
The tentacle closely misses you. The tentacle slaps you!
* * * LOW HITPOINT WARNING * * *
The siren hits you from afar with a spear.
* * * LOW HITPOINT WARNING * * *
Read which item? (? for menu, Esc to quit)
Blink to where?
Floosh!
You are very lightly contaminated with residual magic.
As you read the scroll of blinking, it crumbles to dust.
The kraken completely misses you. The tentacle barely misses you.
The tentacle misses you. The kraken bites you!
You die...

Action                   |  1- 3 |  4- 6 |  7- 9 | 10-12 | 13-15 | 16-18 || total
-------------------------+-------+-------+-------+-------+-------+-------++-------
Melee: Dagger            |     6 |     6 |    11 |       |       |       ||    23
       Rapier            |       |       |    10 |    55 |   225 |    28 ||   318
       Flail             |       |       |       |       |     3 |    11 ||    14
 Cast: Magic Dart        |    44 |    51 |   170 |   318 |   968 |   154 ||  1705
       Searing Ray       |     1 |       |     6 |     1 |     1 |    12 ||    21
       Fulminant Prism   |       |       |     9 |    26 |     7 |       ||    42
       Dazzling Spray    |       |       |    40 |   130 |   236 |    27 ||   433
       Iskenderun's Batt |       |       |    13 |    78 |   204 |    58 ||   353
       Freezing Cloud    |       |       |       |     7 |   102 |    59 ||   168
       Mephitic Cloud    |       |       |       |     2 |    10 |     2 ||    14
       Orb of Destructio |       |       |       |       |    22 |    23 ||    45
       Throw Icicle      |       |       |       |       |    87 |    94 ||   181
  Use: Scroll            |       |     4 |     4 |     8 |     9 |     8 ||    33
       Potion            |       |     2 |       |       |     1 |     1 ||     4
 Stab: Sleeping          |       |     2 |     4 |       |     1 |       ||     7
       Invisible         |       |       |       |     5 |    18 |     3 ||    26
  Eat: Chunk             |     2 |     3 |    13 |    18 |    72 |    25 ||   133
       Beef jerky        |       |     1 |     2 |     3 |     6 |     1 ||    13
       Pizza             |       |       |     2 |     2 |       |       ||     4
       Fruit             |       |       |       |     1 |       |     3 ||     4
       Meat ration       |       |       |       |     4 |     5 |     3 ||    12
       Royal jelly       |       |       |       |       |     1 |       ||     1
       Bread ration      |       |       |       |       |     7 |     1 ||     8

Vault maps used:
D:1:      dpeg_arrival_tiny_f
D:3:      nicolae_ru_path_of_blood, uniq_iyjb
D:4:      marbit_many_paths, johnstein_pakellas_shop,
          minmay_temple_entry_butterflies, first_bread, serial_shops, shop,
          nicolae_shop_behind_doors, nicolae_shop_statue_plus, shop,
          kennysheep_generic_room_15
D:5:      led_sif_pool, gup_sewer_entry_bowl
D:6:      bloody_trog, tso_metal_star, makhleb_heckhound_becter, uniq_duvessa
D:7:      lemuel_crystal_altar, grunt_ogre_cave, uniq_menkaure
D:8:      overflow_temple_1_default
D:9:      nicolae_overflow_crystal_walls, kennysheep_mini, dpeg_lair_monsters,
          kennysheep_orc_monster_closet_entryway
D:12:     serial_column_ruins, tgw_xom
D:13:     david_vaults_2
D:14:     fedhas_altar_fruit_tree, serial_shops, nicolae_shop_crystal
D:15:     grunt_enter_depths_hoard, hangedman_abyss_or_decor_stagger,
          special_room
Temple:   triangle_lava_temple_11
Lair:1:   bh_autumn_forest_stairs
Lair:2:   infiniplex_staircase_pool_2
Lair:3:   minmay_shoals_entry_lonely_mermaid, guppyfry_snake_entry_garden,
          beast_lair_carwin_5
Lair:4:   portal_ice_cave_entry_ice_beasts, beast_lair_carwin_7
Lair:5:   roderic_lost_polar_bear
Lair:6:   slime_dummy, lemuel_fruit_fields, lemuel_fruit_tree, uniq_kirke
Lair:8:   minmay_lair_end_frog_pond, infiniplex_staircase_pool
Shoals:1: serial_shops, shop, centaur_isle, uniq_nikola
Orc:1:    nicolae_orc_accident_1, uniq_fannar
Orc:2:    serial_shops, nicolae_shop_trees, nooodl_orcs_dogs
Orc:3:    basic_altar, enter_bailey_5, nicolae_orc_pool_cavern,
          nicolae_orc_lava_room
Orc:4:    st_orc_mages, serial_shops, nicolae_shop_behind_doors, uniq_snorg,
          uniq_rupert, uniq_maud
Sewer:    kennysheep_door_sewer
Bailey:   bailey_polearm_2, bailey

Notes
Turn   | Place    | Note
--------------------------------------------------------------
     0 | D:1      | Sixotanaka the Octopode Conjurer began the quest for the Orb.
     0 | D:1      | Reached XP level 1. HP: 11/11 MP: 3/3
   255 | D:1      | Reached XP level 2. HP: 17/17 MP: 3/5
   711 | D:2      | Reached XP level 3. HP: 21/21 MP: 1/6
   761 | D:2      | Learned a level 2 spell: Searing Ray
   765 | D:2      | Learned a level 3 spell: Dazzling Spray
   779 | D:2      | Reached skill level 5 in Conjurations
   972 | D:2      | HP: 5/21 [poisoned by an adder]
  1491 | D:2      | Reached XP level 4. HP: 27/27 MP: 1/7
  1691 | D:3      | Noticed Ijyb
  1711 | D:2      | Killed Ijyb
  2077 | D:3      | Reached XP level 5. HP: 31/31 MP: 6/8
  2271 | D:3      | Reached skill level 8 in Spellcasting
  2271 | D:3      | Reached skill level 10 in Conjurations
  2271 | D:3      | Reached XP level 6. HP: 36/36 MP: 9/17
  2416 | D:3      | Found a sacrificial altar of Ru.
  2682 | D:4      | Found Odoleph's Weapon Shop.
  2689 | D:4      | Found a staircase to the Ecumenical Temple.
  2696 | Temple   | Entered the Ecumenical Temple
  2723 | Temple   | Sixotanaka: i quaffed one of the pots
  2723 | Temple   | Sixotanaka: was thinking of holding the other incase i found a weapon
  2723 | Temple   | Sixotanaka: now i'm considering if i should go makhleb or something
  2723 | Temple   | Upgraded the game from 0.18-a0-736-g449f048 to 0.18-a0-739-gdae9da8
  2723 | Temple   | Became a worshipper of Vehumet
  2724 | Temple   | Reached skill level 9 in Spellcasting
  2724 | Temple   | Reached skill level 12 in Conjurations
  2724 | Temple   | Reached XP level 7. HP: 41/41 MP: 18/20
  2731 | Temple   | Learned a level 5 spell: Iskenderun's Battlesphere
  2736 | Temple   | Learned a level 4 spell: Fulminant Prism
  2740 | Temple   | Learned a level 3 spell: Mephitic Cloud
  2791 | D:4      | Found an oddly glowing altar of Pakellas.
  2791 | D:4      | Found Pakellas's Prime Provisions.
  2849 | D:4      | Found Tusezeng's Book Emporium.
  2868 | D:4      | Found Nimuzoq's Jewellery Emporium.
  2874 | D:4      | Bought a +1 ring of protection for 36 gold pieces
  2942 | D:4      | Found Pirhupuff's Gadget Boutique.
  3130 | D:4      | Found a white marble altar of Elyvilon.
  3163 | D:5      | Entered Level 5 of the Dungeon
  3167 | D:5      | Noticed chequers's ghost (novice OpAs)
  3379 | D:5      | Found a deep blue altar of Sif Muna.
  3485 | D:5      | Killed chequers's ghost
  3485 | D:5      | Reached XP level 8. HP: 46/46 MP: 5/21
  3610 | D:5      | Found a glowing drain.
  3614 | Sewer    | Entered a sewer
  3721 | Sewer    | Noticed Purgy
  3732 | Sewer    | Killed Purgy
  4430 | D:6      | Reached skill level 10 in Spellcasting
  4678 | D:6      | Found a glowing golden altar of the Shining One.
  4690 | D:6      | Reached * piety under Vehumet
  4690 | D:6      | Offered knowledge of Freeze by Vehumet.
  4802 | D:6      | Found a bloodstained altar of Trog.
  4853 | D:6      | Noticed Dowan
  4858 | D:6      | Noticed Duvessa
  4863 | D:6      | Killed Duvessa
  4869 | D:6      | Killed Dowan
  4869 | D:6      | Reached skill level 13 in Conjurations
  4922 | D:6      | Reached XP level 9. HP: 51/51 MP: 3/23
  5505 | D:6      | Found a burning altar of Makhleb.
  5864 | D:7      | Found a glowing silver altar of Zin.
  5929 | D:7      | Noticed Menkaure
  5932 | D:7      | Killed Menkaure
  6306 | D:7      | Offered knowledge of Shock by Vehumet.
  6365 | D:7      | Reached ** piety under Vehumet
  6736 | D:8      | Reached skill level 1 in Fighting
  6958 | D:8      | Learned a level 6 spell: Freezing Cloud
  7062 | D:8      | Found a shimmering altar of Xom.
  7162 | D:8      | Reached skill level 2 in Fighting
  8003 | D:9      | Found a stormy altar of Qazlal.
  8052 | D:9      | Reached skill level 1 in Air Magic
  8061 | D:9      | Reached skill level 3 in Fighting
  8061 | D:9      | Reached XP level 10. HP: 61/63 MP: 4/24
  8359 | D:9      | Found a staircase to the Lair.
  8409 | D:9      | Found a sparkling altar of Nemelex Xobeh.
  8501 | D:9      | Reached skill level 2 in Air Magic
  8655 | D:9      | Reached skill level 4 in Fighting
  8740 | D:9      | Found a staircase to the Orcish Mines.
  8743 | D:9      | Offered knowledge of Static Discharge by Vehumet.
  9139 | D:9      | Reached *** piety under Vehumet
  9140 | D:9      | Reached skill level 3 in Air Magic
  9145 | D:9      | Reached skill level 5 in Fighting
  9699 | Lair:1   | Entered Level 1 of the Lair of Beasts
  9715 | D:9      | HP: 10/68 [river rat (10)]
  9717 | D:9      | Reached skill level 6 in Fighting
  9717 | D:9      | Offered knowledge of Stone Arrow by Vehumet.
 10188 | D:4      | Bought a +4 ring of evasion for 432 gold pieces
 10361 | Lair:1   | Reached XP level 11. HP: 72/72 MP: 18/25
 10418 | Lair:1   | HP: 17/72 [komodo dragon (33)]
 10484 | Lair:1   | Reached skill level 1 in Ice Magic
 10954 | Lair:1   | Reached skill level 3 in Dodging
 10954 | Lair:1   | Reached skill level 2 in Ice Magic
 11059 | Lair:1   | Reached skill level 3 in Ice Magic
 11094 | Lair:1   | Noticed a five-headed hydra
 11104 | Lair:1   | Killed a five-headed hydra
 11104 | Lair:1   | Reached skill level 4 in Dodging
 11402 | Lair:1   | Reached skill level 4 in Ice Magic
 11558 | Lair:1   | HP: 18/72 [poisoned by a spiny frog]
 11564 | Lair:1   | HP: 15/72 [poisoned by a spiny frog]
 11569 | Lair:1   | HP: 14/72 [poisoned by a spiny frog]
 11576 | Lair:1   | HP: 14/72 [poisoned by a spiny frog]
 11584 | Lair:1   | HP: 14/72 [poisoned by a spiny frog]
 11755 | Lair:1   | Noticed a four-headed hydra
 11996 | Lair:1   | Reached skill level 5 in Dodging
 12441 | Lair:2   | Reached **** piety under Vehumet
 12444 | Lair:2   | Reached skill level 5 in Ice Magic
 12459 | Lair:2   | Offered knowledge of Bolt of Magma by Vehumet.
 13067 | Lair:2   | Reached skill level 6 in Dodging
 14089 | Lair:3   | Reached skill level 6 in Ice Magic
 14096 | Lair:3   | Reached XP level 12. HP: 53/79 MP: 4/26
 14705 | Lair:3   | Noticed a death yak
 14706 | Lair:3   | Noticed a death yak
 14706 | Lair:3   | Noticed a death yak
 14707 | Lair:3   | Noticed a death yak
 14710 | Lair:3   | Noticed a death yak
 14739 | Lair:3   | Killed a death yak
 14739 | Lair:3   | Reached skill level 7 in Dodging
 14742 | Lair:3   | Killed a death yak
 14742 | Lair:3   | Reached skill level 7 in Ice Magic
 14764 | Lair:3   | Killed a death yak
 14932 | Lair:3   | Found a staircase to the Shoals.
 14949 | Lair:3   | Noticed a death yak
 15382 | Lair:3   | Found a staircase to the Snake Pit.
 15393 | Lair:3   | Reached skill level 8 in Dodging
 15971 | Lair:4   | Noticed a six-headed hydra
 16002 | Lair:3   | HP: 19/79 [poisoned by a black mamba]
 16007 | Lair:3   | HP: 15/79 [poisoned by a black mamba]
 16013 | Lair:3   | HP: 13/79 [poisoned by a black mamba]
 16019 | Lair:3   | HP: 11/79 [poisoned by a black mamba]
 16027 | Lair:3   | HP: 11/79 [poisoned by a black mamba]
 16035 | Lair:3   | HP: 11/79 [poisoned by a black mamba]
 16391 | Lair:3   | Killed a death yak
 16391 | Lair:3   | Reached skill level 8 in Ice Magic
 16754 | Lair:3   | Noticed a five-headed hydra
 16912 | Lair:3   | Killed a five-headed hydra
 17142 | Lair:2   | Reached skill level 9 in Dodging
 17230 | Lair:3   | Killed a death yak
 17230 | Lair:3   | Reached skill level 9 in Ice Magic
 17569 | Lair:3   | Killed a death yak
 17569 | Lair:3   | Reached XP level 13. HP: 83/83 MP: 13/27
 18013 | Lair:4   | Reached ***** piety under Vehumet
 18013 | Lair:4   | Offered knowledge of Throw Icicle by Vehumet.
 18027 | Lair:4   | Learned a level 4 spell: Throw Icicle
 19250 | Lair:4   | Reached skill level 10 in Dodging
 19649 | Lair:5   | Upgraded the game from 0.18-a0-739-gdae9da8 to 0.18-a0-741-gff759c7
 21242 | Lair:4   | Reached skill level 11 in Spellcasting
 21775 | Lair:6   | Found a staircase to the Slime Pits.
 21775 | Lair:6   | Noticed Kirke
 21801 | Lair:5   | Offered knowledge of Conjure Ball Lightning by Vehumet.
 22064 | Lair:6   | Reached skill level 14 in Conjurations
 22839 | Lair:6   | Reached XP level 14. HP: 67/90 MP: 17/29
 24520 | Lair:8   | Entered Level 8 of the Lair of Beasts
 24806 | Lair:8   | Reached skill level 15 in Conjurations
 25539 | Lair:8   | Reached skill level 12 in Spellcasting
 26192 | Lair:7   | zzxc: i caught you pillar-dancing!
 26192 | Lair:7   | Sixotanaka: lol
 26192 | Lair:7   | Sixotanaka: ye bit different once you have a char
 26192 | Lair:7   | Sixotanaka: playing in queue for league of legends xD
 26192 | Lair:7   | Sixotanaka: talking with my sassy gay friend
 26192 | Lair:7   | zzxc: have you won an Op before?
 26192 | Lair:7   | Sixotanaka: no
 26192 | Lair:7   | Sixotanaka: that's why
 26192 | Lair:7   | Sixotanaka: died so many times before lair
 26192 | Lair:7   | Sixotanaka: unreal
 26192 | Lair:7   | zzxc: lol
 26192 | Lair:7   | zzxc: yeah
 26192 | Lair:7   | zzxc: not so fun
 26192 | Lair:7   | zzxc: that's why I am reluctant to play
 26192 | Lair:7   | zzxc: making these weird errors
 26192 | Lair:7   | zzxc: when I type fast
 26192 | Lair:7   | zzxc: 'through' instead of 'throw'
 26198 | Lair:7   | zzxc: wb
 26274 | Lair:7   | Sixotanaka: i just feel like you were sitting here the whole time
 26274 | Lair:7   | zzxc: get rekt ellyphant
 26297 | Lair:8   | zzxc: im listening to the human equation
 26312 | Lair:8   | zzxc: the first track is so gorgeous
 26333 | Lair:8   | zzxc: nice earlyl tele
 26333 | Lair:8   | Sixotanaka: mm
 26333 | Lair:8   | Sixotanaka: didn't want to meph
 26333 | Lair:8   | zzxc: never seen such an early tele from you
 26333 | Lair:8   | zzxc: lol
 26388 | Lair:8   | zzxc: ofc the map is mostly black
 26388 | Lair:8   | Sixotanaka: so many elephanta
 26389 | Lair:8   | zzxc: so that was probably a bad tele
 26399 | Lair:8   | zzxc: especially on lair 8
 26399 | Lair:8   | Sixotanaka: dude
 26399 | Lair:8   | Sixotanaka: i have killed
 26399 | Lair:8   | Sixotanaka: SO many things
 26399 | Lair:8   | Sixotanaka: it's crazy
 26399 | Lair:8   | Sixotanaka: been at this for like 2 hours
 26400 | Lair:8   | zzxc: lol
 26430 | Lair:7   | zzxc: elephant FLANK
 26438 | Lair:7   | zzxc: you really need blink eh
 26441 | Lair:7   | Sixotanaka: ye
 26466 | Lair:7   | zzxc: pillar that cross
 26466 | Lair:7   | zzxc: to the top right
 26466 | Lair:7   | Sixotanaka: i figured
 26466 | Lair:7   | Sixotanaka: with
 26466 | Lair:7   | Sixotanaka: 22 ev
 26466 | Lair:7   | zzxc: yeahe nope lol
 26466 | Lair:7   | Sixotanaka: i should eventually get up stairs
 26473 | Lair:7   | HP: 14/90 [elephant (18)]
 26496 | Lair:7   | zzxc: lol
 26506 | Lair:7   | zzxc: octopode ez
 26515 | Lair:7   | zzxc: trollface
 26586 | Lair:7   | Offered knowledge of Orb of Destruction by Vehumet.
 26589 | Lair:7   | Sixotanaka: finally
 26589 | Lair:7   | Sixotanaka: a nuke
 26590 | Lair:7   | zzxc: have you used prism?
 26598 | Lair:7   | Learned a level 7 spell: Orb of Destruction
 26598 | Lair:7   | Sixotanaka: ye
 26755 | Lair:8   | Sixotanaka: wot
 26942 | Lair:8   | zzxc: your melee can probs wreck rats
 26949 | Lair:7   | zzxc: might be less tedious than dart
 26951 | Lair:7   | HP: 13/90 [giant leech (33)]
 26952 | Lair:7   | Sixotanaka: woha
 26952 | Lair:7   | zzxc: wow get rekt
 26999 | Lair:7   | zzxc: you should IOOD
 26999 | Lair:7   | Sixotanaka: 2 hits
 27017 | Lair:7   | Sixotanaka: ye fuck
 27017 | Lair:7   | Sixotanaka: forgot i had it lol
 27295 | Lair:8   | Reached skill level 16 in Conjurations
 27366 | Lair:8   | zzxc: SO MUCH BLOOD
 27471 | Lair:8   | HP: 14/90 [electric eel/bolt of electricity (16)]
 27472 | Lair:8   | zzxc: you gettin rekt
 27872 | Lair:8   | zzxc: I think better is if you get sphere out and then engage at full hp
 27878 | Lair:8   | Sixotanaka: probs
 27934 | Lair:8   | zzxc: hm
 27938 | Lair:8   | zzxc: my octopode was wrecking yaks
 27943 | Lair:8   | zzxc: what was i using??
 27959 | Lair:8   | Sixotanaka: poison
 27959 | Lair:8   | zzxc: ahh
 27959 | Lair:8   | Sixotanaka: same for elephants
 27959 | Lair:8   | zzxc: lol
 27959 | Lair:8   | zzxc: although iood worked
 27959 | Lair:8   | zzxc: just a bit less efficient
 28237 | Lair:8   | zzxc: do you listen to THE much?
 28238 | Lair:8   | Sixotanaka: THE?
 28238 | Lair:8   | zzxc: first two tracks, daamn
 28238 | Lair:8   | zzxc: the human equation
 28238 | Lair:8   | zzxc: ayreon
 28238 | Lair:8   | Sixotanaka: no
 28238 | Lair:8   | Sixotanaka: haven't even heard
 28238 | Lair:8   | zzxc: rly?
 28238 | Lair:8   | zzxc: wow
 28238 | Lair:8   | zzxc: I was so sure you've heard it
 28238 | Lair:8   | zzxc: maybe i link
 28240 | Lair:8   | zzxc: https://www.youtube.com/watch?v=codSKV_0NrQ
 28241 | Lair:8   | Sixotanaka: already on that
 28241 | Lair:8   | Sixotanaka: exact page
 28269 | Lair:8   | zzxc: heh
 28280 | Lair:8   | Sixotanaka: ooh
 28280 | Lair:8   | zzxc: such a sweet intro
 28280 | Lair:8   | Sixotanaka: ice cloud
 28280 | Lair:8   | Sixotanaka: rly tactical
 28280 | Lair:8   | zzxc: lol
 28280 | Lair:8   | zzxc: who needs tactics when you oneshot things
 28280 | Lair:8   | Sixotanaka: ok afk again
 28280 | Lair:8   | zzxc: ;/
 28280 | Lair:8   | Sixotanaka: playing league with Tom
 28280 | Lair:8   | zzxc: so many great singers
 28280 | Lair:8   | zzxc: this album
 28351 | Lair:8   | Reached XP level 15. HP: 94/94 MP: 19/31
 29614 | Lair:6   | Killed Kirke
 29614 | Lair:6   | Reached skill level 17 in Conjurations
 30611 | Orc:1    | Entered Level 1 of the Orcish Mines
 30718 | D:4      | Bought a +5 ring of dexterity for 494 gold pieces
 30827 | Orc:1    | Noticed Fannar
 30937 | Orc:1    | Killed Fannar
 31509 | Orc:2    | zzxc: you come back at such random times
 31509 | Orc:2    | Sixotanaka: playing a game
 31509 | Orc:2    | zzxc: I know
 31509 | Orc:2    | Sixotanaka: tom has leaver status
 31509 | Orc:2    | Sixotanaka: so 10 minutes between games
 31509 | Orc:2    | Sixotanaka: we gotta wait
 31516 | Orc:2    | zzxc: so many
 31519 | Orc:2    | zzxc: bosnian
 31527 | Orc:2    | zzxc: rebellions
 31536 | Orc:2    | zzxc: also palestine
 31537 | Orc:2    | zzxc: wow
 31657 | Orc:2    | zzxc: spent more manpower putting down these rebellions than defeating hungary
 31769 | Orc:1    | Sixotanaka: who u playin
 31841 | Orc:1    | zzxc: ottomans
 31841 | Orc:1    | zzxc: lol
 31878 | Orc:2    | zzxc: rekking europe like ur rekking these orcs
 31962 | Orc:2    | Found Vepritso's Weapon Boutique.
 31977 | Orc:2    | Sixotanaka: nice
 32753 | Orc:2    | Sixotanaka: my orb just flew into a tp trap
 32899 | Orc:3    | Reached ****** piety under Vehumet
 32909 | Orc:3    | Found a flagged portal.
 33016 | Bailey   | Entered a bailey
 33455 | Bailey   | Offered knowledge of Bolt of Fire by Vehumet.
 34241 | Orc:3    | Found a shimmering altar of Xom.
 34803 | Orc:4    | Entered Level 4 of the Orcish Mines
 35299 | Orc:4    | Found Muosoh's General Store.
 35299 | Orc:4    | Found Loprod's Armour Shop.
 35299 | Orc:4    | Found Tobir's Distillery.
 35305 | Orc:4    | Reached skill level 18 in Conjurations
 35483 | Orc:4    | Found Yptoode's Distillery.
 35498 | Orc:4    | zzxc: firing orbs randomly into space strictly optimal to find teleport traps
 35498 | Orc:4    | Sixotanaka: lol
 35498 | Orc:4    | Sixotanaka: nono
 35498 | Orc:4    | Sixotanaka: not my ood
 35498 | Orc:4    | Sixotanaka: my battlesphere
 35498 | Orc:4    | zzxc: but can iood tele?
 35498 | Orc:4    | Sixotanaka: apparently so
 35498 | Orc:4    | zzxc: try next time you spot a trap
 35498 | Orc:4    | Sixotanaka: it did
 35498 | Orc:4    | Sixotanaka: oh
 35498 | Orc:4    | Sixotanaka: ood
 35498 | Orc:4    | Sixotanaka: ok
 35498 | Orc:4    | Sixotanaka: lol tired
 35498 | Orc:4    | zzxc: lol
 35499 | Orc:4    | Bought a scroll of identify for 34 gold pieces
 35502 | Orc:4    | Bought a potion of heal wounds for 90 gold pieces
 35507 | Orc:4    | zzxc: nite
 35507 | Orc:4    | zzxc: yaktaur
 35507 | Orc:4    | zzxc: https://i.imgur.com/8zS20m3.png
 35507 | Orc:4    | Sixotanaka: ok i'm off
 35507 | Orc:4    | Upgraded the game from 0.18-a0-741-gff759c7 to 0.18-a0-750-g37044d6
 35509 | Orc:4    | Bought a potion of curing for 33 gold pieces
 35509 | Orc:4    | Bought a potion of curing for 33 gold pieces
 35565 | Orc:4    | Noticed Rupert
 35617 | Orc:4    | Sixotanaka: ugh
 35617 | Orc:4    | Sixotanaka: rupert on o4
 35636 | Orc:4    | zzxc: like mine
 35646 | Orc:4    | Sixotanaka: i think i just want to leave
 35654 | Orc:4    | zzxc: you got what you came for
 35654 | Orc:4    | zzxc: isnt the new ctrl f bad
 35654 | Orc:4    | Sixotanaka: it's kinda weird
 35654 | Orc:4    | Sixotanaka: idk
 35654 | Orc:4    | Sixotanaka: i like when you do this
 35654 | Orc:4    | Sixotanaka: highlights what picked up
 35654 | Orc:4    | Sixotanaka: shows tags
 35654 | Orc:4    | Sixotanaka: etc.
 35654 | Orc:4    | Sixotanaka: {in_shop}
 35654 | Orc:4    | Sixotanaka: something I just learned then
 35654 | Orc:4    | zzxc: can you do it with
 35654 | Orc:4    | zzxc: in shop:?
 35654 | Orc:4    | zzxc: without :
 35654 | Orc:4    | zzxc: without _ too
 35654 | Orc:4    | zzxc: just in shop
 35654 | Orc:4    | zzxc: does it pick it up
 35654 | Orc:4    | Sixotanaka: rofl
 35654 | Orc:4    | zzxc: lol
 35654 | Orc:4    | zzxc: ok
 35654 | Orc:4    | Sixotanaka: nah
 35669 | Orc:4    | Sixotanaka: the tags are what's searched
 35711 | D:9      | zzxc: skipping o4 isn't an issue anyway
 35712 | D:10     | Entered Level 10 of the Dungeon
 35713 | D:10     | zzxc: you got the shop
 35713 | D:10     | zzxc: s
 35713 | D:10     | Sixotanaka: ya
 35768 | D:10     | zzxc: hm
 35797 | D:10     | zzxc: you could wreck a troll
 35807 | D:10     | Sixotanaka: sure
 35832 | D:10     | Sixotanaka: do i need to tho
 35836 | D:10     | zzxc: just seemed a strange retreat tho
 35840 | D:10     | Sixotanaka: already in melee
 35840 | D:10     | Sixotanaka: they attack fast and can do lots of dmg
 35851 | D:10     | zzxc: ok
 35851 | D:10     | zzxc: faiar
 35851 | D:10     | Sixotanaka: i've gotten unlucky before
 35863 | D:10     | zzxc: your defenses tho
 35893 | D:10     | Sixotanaka: i'm fine to fight it
 35893 | D:10     | Sixotanaka: just idk about starting in melee
 36106 | D:10     | zzxc: retreating isnt bad
 36106 | D:10     | zzxc: i am just surprised when you do something more cautious than me ;p
 36106 | D:10     | Sixotanaka: well
 36106 | D:10     | Sixotanaka: i'm sick of octopodes
 36108 | D:11     | zzxc: lol
 36110 | D:11     | Sixotanaka: and this is the first one with a chance
 36110 | D:11     | zzxc: isnt it easier now?
 36110 | D:11     | Sixotanaka: in ages
 36111 | D:11     | zzxc: than before
 36116 | D:11     | Sixotanaka: yes
 36208 | D:11     | zzxc: ring of stealth?
 36211 | D:11     | zzxc: been staring at it since orc
 36211 | D:11     | Sixotanaka: ye idk
 36211 | D:11     | zzxc: ;p
 36211 | D:11     | Sixotanaka: didnt realize i picked it up
 36356 | D:11     | Noticed chequers's ghost (journeyman TrMo)
 36356 | D:11     | zzxc: troll
 36356 | D:11     | zzxc: of course
 36356 | D:11     | Sixotanaka: ye
 36357 | D:11     | zzxc: only chequers can die on a troll on d11
 36357 | D:11     | Sixotanaka: ikr
 36406 | D:11     | Sixotanaka: he's rohanning up the server
 36745 | D:11     | Killed chequers's ghost
 37284 | D:12     | zzxc: now this is new
 37303 | D:12     | Sixotanaka: ye
 37309 | D:12     | Offered knowledge of Spellforged Servitor by Vehumet.
 37310 | D:12     | zzxc: it doesn't feel new tho
 37310 | D:12     | zzxc: it feels old
 37310 | D:12     | Sixotanaka: lol
 37310 | D:12     | Sixotanaka: ye
 37310 | D:12     | Sixotanaka: ikr
 37310 | D:12     | Sixotanaka: i love spellforged
 37310 | D:12     | zzxc: like something that used to be in the game
 37514 | D:12     | Sixotanaka: reminsd me of tiles when we first started playing
 37514 | D:12     | Sixotanaka: in a good way
 38100 | D:12     | Found a shimmering altar of Xom.
 40158 | D:13     | Reached skill level 13 in Spellcasting
 40502 | D:13     | Reached XP level 16. HP: 99/99 MP: 14/33
 40555 | D:13     | Found a gate to the Vaults.
 40720 | D:14     | Got a warped crystal amulet
 41229 | D:14     | Found Wyleamex's Assorted Antiques.
 41280 | D:14     | Bought a scroll of teleportation for 78 gold pieces
 41289 | D:14     | Learned a level 7 spell: Spellforged Servitor
 41521 | D:14     | Offered knowledge of Delayed Fireball by Vehumet.
 41535 | D:14     | Identified the amulet "Lymemufa" {Inacc Int+3} (You found it on level 14 of the Dungeon)
 41819 | D:14     | Found a blossoming altar of Fedhas.
 41958 | D:14     | Reached skill level 7 in Fighting
 42771 | D:15     | Entered Level 15 of the Dungeon
 43069 | D:15     | Reached skill level 8 in Fighting
 43821 | D:15     | Offered knowledge of Poisonous Cloud by Vehumet.
 43915 | D:15     | Found a staircase to the Depths.
 44090 | D:15     | Reached skill level 9 in Fighting
 44800 | Shoals:1 | Entered Level 1 of the Shoals
 44800 | Shoals:1 | Found Goc Ut Timm's Book Boutique.
 45378 | Shoals:1 | Reached skill level 10 in Fighting
 45627 | Shoals:1 | Noticed Nikola
 45823 | Shoals:1 | Killed Nikola
 46440 | Shoals:1 | Reached XP level 17. HP: 102/117 MP: 15/34
 46536 | Shoals:1 | Reached skill level 19 in Conjurations
 46597 | Shoals:1 | Reached skill level 11 in Fighting
 47488 | Shoals:1 | HP: 19/117 [tentacle[a kraken] (17)]
 47488 | Shoals:1 | HP: 4/117 [tentacle[a kraken] (15)]
 47489 | Shoals:1 | Mangled by a kraken

Vanquished Creatures
  Nikola (Shoals:1)
  Kirke (Lair:6)
  A fire dragon (D:15)
  2 merfolk impalers (Shoals:1)
  The ghost of chequers the Nimble, a journeyman TrMo of Cheibriados (D:11)
  Fannar (Orc:1)
  7 hydras
  A ghost crab (shapeshifter) (D:13)
  An ice dragon (D:15)
  A merfolk avatar (Shoals:1)
  2 centaur warriors
  A merfolk aquamancer (Shoals:1)
  2 tengu warriors (D:14)
  8 death yaks
  An orc high priest (Orc:4)
  9 hill giants
  4 orc knights
  A harpy (shapeshifter) (D:13)
  3 sea snakes (Shoals:1)
  5 orc sorcerers
  A wolf spider zombie (D:13)
  8 harpies (Shoals:1)
  4 griffons
  4 manticores
  15 ugly things
  A water nymph (Shoals:1)
  6 fauns (Shoals:1)
  A cyclops (D:11)
  The ghost of chequers the Covert, a novice OpAs of Ru (D:5)
  13 slime creatures
  9 black mambas
  6 sirens
  29 spiny frogs
  2 torpor snails
  29 elephants
  A gargoyle (D:12)
  2 efreet
  10 komodo dragons
  5 merfolk (Shoals:1)
  A two-headed ogre (D:13)
  A freezing wraith (D:15)
  10 fire drakes
  8 trolls
  A polar bear (Lair:4)
  2 giant leeches
  2 snapping turtles (Shoals:1)
  26 blink frogs
  A trapdoor spider zombie (D:12)
  A harpy skeleton (D:14)
  A blink frog (shapeshifter) (D:13)
  3 water elementals (Shoals:1)
  A shadow (D:15)
  6 deep elf magi
  2 wraiths
  A deep elf fighter (D:15)
  A redback (D:13)
  6 basilisks
  13 wyverns
  A mottled dragon (D:13)
  3 vampire mosquitoes (Lair:8)
  13 hippogriffs
  2 hogs (Lair:6)
  17 wolves
  5 wargs
  3 hungry ghosts
  2 nagas (Lair:3)
  63 yaks
  Menkaure (D:7)
  A soldier ant (D:13)
  Duvessa (D:6)
  12 porcupines
  17 water moccasins
  12 ice beasts
  2 sky beasts
  Purgy (Sewer)
  33 orc warriors
  A black bear (shapeshifter) (D:14)
  A black bear (Lair:4)
  2 phantoms
  An eye of draining (D:9)
  18 ogres
  A necrophage (D:6)
  18 crocodiles
  5 big kobolds (D:9)
  14 centaurs
  A gnoll sergeant (D:9)
  Dowan (D:6)
  27 giant frogs
  2 scorpions
  A wyvern skeleton (D:13)
  5 jellies
  11 killer bees
  10 wights
  8 electric eels (Lair:8)
  5 crimson imps
  3 centaur zombies
  29 orc wizards
  23 orc priests
  2 quasits
  7 hounds
  Ijyb (D:2)
  16 iguanas
  2 gnoll shamans
  10 centaur skeletons
  9 hell rats
  5 worker ants
  A killer bee zombie (D:7)
  23 sheep
  A hound zombie (D:11)
  A worker ant zombie (D:7)
  48 river rats
  11 adders
  18 gnolls
  6 shadow imps
  2 adder zombies
  An ooze (D:6)
  A worm (D:4)
  4 giant geckos
  147 orcs
  A ball python (D:3)
  5 bats
  4 giant cockroaches
  9 hobgoblins
  6 quokkas
  9 giant newts
  7 goblins
  2 jackals (D:7)
  10 kobolds
  A quokka zombie (D:6)
  5 rats
  A butterfly (Lair:6)
  A fulminant prism (Lair:5)
  6 fungi
  10 plants
1056 creatures vanquished.

Vanquished Creatures (others)
  41 fulminant prisms
  63 fungi
  39 plants
  4 tentacles (Shoals:1)
  29 tentacle segments (Shoals:1)
176 creatures vanquished.

Grand Total: 1232 creatures vanquished
